 Dungeon Crawl Stone Soup version 0.29-a0-1027-gcd8c55af63 (webtiles) character file.

Game seed: 1600007721816191339

647 porpoise the Trooper (level 7, -1/62 HPs)
             Began as a Green Draconian Transmuter on Aug 12, 2022.
             Slain by an ice beast (13 damage)
             ... on level 5 of the Dungeon on Aug 14, 2022.
             The game lasted 00:14:55 (5022 turns).

porpoise the Trooper (Green Draconian Transmuter)   Turns: 5022, Time: 00:14:58

Health: -1/62      AC:  6    Str: 12    XL:     7   Next: 27%
Magic:  9/10       EV: 12    Int: 13    God:
Gold:   206        SH:  5    Dex: 14    Spells: 3/10 levels left

rFire   + . .      SeeInvis .   a - +3 long sword of Zin, Bespelling {vorpal, rF+}
rCold   . . .      Faith    .   (no shield)
rNeg    . . .      Spirit   .   (body armour unavailable)
rPois   +          Reflect  +   (helmet currently unavailable)
rElec   .          Harm     .   (no cloak)
rCorr   .          Rampage  .   (no gloves)
Will    +....                   (boots currently unavailable)
Stlth   +.........              i - amulet of reflection
HPRegen 0.20/turn               k - ring of willpower
MPRegen 0.12/turn               (no ring)

@: appendages (expiring)
A: horns 2, talons 2, breathe noxious fumes, AC +6, unfitting armour, poison
resistance, cold-blooded
a: Breathe Noxious Fumes, End Transformation


You were on level 5 of the Dungeon.
You had temporarily grown beastly horns and talons.
You visited 1 branch of the dungeon, and saw 5 of its levels.

You collected 206 gold pieces.

Inventory:

Hand Weapons
 a - the +3 long sword of Zin, Bespelling (weapon) {vorpal, rF+}
   (You found it on level 4 of the Dungeon)

   It inflicts extra damage upon your enemies.
   rF:        It protects you from fire.
 j - a +1 short sword
Jewellery
 i - an amulet of reflection (around neck)
 k - a ring of willpower (left hand)
Wands
 q - a wand of flame (21)
Scrolls
 d - a scroll of identify
 e - a scroll of magic mapping
 h - a scroll of immolation
 m - a scroll of teleportation
Potions
 b - a potion of resistance
 c - a potion of curing
 f - 2 potions of flight
 g - a potion of lignification
 p - a potion of heal wounds {unknown}
 r - a potion of brilliance {unknown}


   Skills:
 + Level 5.8 Fighting
 - Level 1.7 Dodging
 * Level 3.9 Unarmed Combat
 - Level 2.0 Spellcasting
 + Level 5.6 Transmutations


You had 3 spell levels left.
You knew the following spells:

 Your Spells              Type           Power      Damage    Failure   Level
a - Beastly Appendage     Tmut           30%        N/A       2%          1
c - Ice Form              Ice/Tmut       8%         N/A       63%         4
w - Wereblood             Tmut           15%        N/A       3%          2

Your spell library contained the following spells:

 Spells                   Type           Power      Damage    Failure   Level
 Spider Form              Tmut/Pois      8%         N/A       24%         3
 Animate Dead             Necr           1%         N/A       94%         4
 Borgnjor's Vile Clutch   Necr/Erth      0%         N/A       100%        5
 Death Channel            Necr           0%         N/A       100%        6


Dungeon Overview and Level Annotations

Branches:
Dungeon (5/15)
 Temple: D:4-7

Altars:
Makhleb
Nemelex Xobeh
Trog
Vehumet
Wu Jian


Innate Abilities, Weirdness & Mutations

You have temporarily grown beastly horns and talons.
You can breathe blasts of noxious fumes.
Your lurid green scales are hard. (AC +6)
You cannot fit into any form of body armour.
Your system is resistant to poisons. (rPois)
You are cold-blooded and may be slowed by cold attacks.


Message History

You barely miss the ice beast. Your punch misses the ice beast.
The ice beast hits you but does no damage.
You hit the ice beast but do no damage.
You tail-slap the ice beast, but do no damage.
You block the ice beast's attack. The ice beast closely misses you.
You hit the ice beast.
The ice beast is lightly wounded.
The ice beast barely misses you.
You slash the ice beast!
You tail-slap the ice beast, but do no damage.
The ice beast is heavily wounded.
The ice beast hits you. The ice beast freezes you!
You feel yourself slow down.
You hit the ice beast but do no damage.
The ice beast is heavily wounded.
You feel yourself speed up. The ice beast hits you. The ice beast freezes you!
You feel yourself slow down. The ice beast completely misses you.
The ice beast hits you but does no damage.
You hit the ice beast.
Your tail-slap misses the ice beast.
The ice beast is heavily wounded.
You feel yourself speed up. The ice beast completely misses you.
The ice beast closely misses you.
Casting: Beastly Appendage (safe; 2% risk of failure)
Confirm with . or Enter, or press ? or * to list all spells.
You grow a pair of large bovine horns.
Your feet morph into talons.
The ice beast hits you. The ice beast freezes you!
You feel yourself slow down.
You barely miss the ice beast. Your kick misses the ice beast.
Your tail-slap misses the ice beast.
The ice beast is heavily wounded.
You feel yourself speed up. The ice beast hits you. The ice beast freezes you!
* * * LOW HITPOINT WARNING * * *
The ice beast hits you but does no damage.
You barely miss the ice beast.
The ice beast is heavily wounded.
Your transformation is almost over.
The ice beast hits you.
* * * LOW HITPOINT WARNING * * *
The ice beast freezes you!
You die...

#.# #...#
#.###.#.#####.
#.............#+#
#.......###......
#.......#.+ .....
#
#..###..#.#..<...
#. #.............#
#..##.############
#..Y@.# #.#####


You could see an ice beast.

Vanquished Creatures
  Sigmund (D:5)
  3 scorpions
  A howler monkey (D:4)
  A crimson imp (D:3)
  2 hounds (D:4)
  A jelly (D:4)
  Terence (D:2)
  3 adders
  A white imp (D:5)
  2 dart slugs
  4 orcs
  4 endoplasms
  7 giant cockroaches
  7 goblins
  10 hobgoblins
  8 jackals
  5 quokkas
  6 ball pythons
  4 bats
  4 frilled lizards
  6 kobolds
  6 rats
87 creatures vanquished.

Vanquished Creatures (others)
  A wizard (D:3)
1 creature vanquished.

Grand Total: 88 creatures vanquished

Notes
Turn   | Place    | Note
-------+----------+-------------------------------------------
     0 | D:1      | porpoise the Draconian Transmuter began the quest for the
                  | Orb.
     0 | D:1      | Reached XP level 1. HP: 16/16 MP: 3/3
   414 | D:1      | Reached XP level 2. HP: 23/24 MP: 3/5
   538 | D:1      | Learned a level 2 spell: Wereblood
  1244 | D:1      | Reached XP level 3. HP: 24/30 MP: 4/6
  1582 | D:2      | Noticed a scorpion
  1597 | D:2      | Killed a scorpion
  1598 | D:2      | Reached XP level 4. HP: 16/38 MP: 7/7
  1998 | D:2      | Noticed Terence
  2020 | D:2      | Killed Terence
  2023 | D:2      | Reached XP level 5. HP: 18/46 MP: 6/8
  2960 | D:3      | Found a sparkling altar of Nemelex Xobeh.
  3111 | D:3      | Found a burning altar of Makhleb.
  3112 | D:3      | Found a radiant altar of Vehumet.
  3579 | D:3      | Found an ornate altar of the Wu Jian Council.
  3600 | D:3      | Found a bloodstained altar of Trog.
  3602 | D:3      | Noticed a wizard
  3607 | D:3      | Killed a wizard
  3977 | D:4      | Learned a level 4 spell: Ice Form
  4067 | D:4      | Reached XP level 6. HP: 53/53 MP: 9/9
  4089 | D:4      | Reached skill level 5 in Fighting
  4321 | D:4      | Reached skill level 5 in Transmutations
  4508 | D:4      | Identified the +3 long sword of Zin, Bespelling {vorpal,
                  | rF+}
  4510 | D:4      | Upgraded the game from 0.29-a0-1023-g6ae1a4a2c7 to
                  | 0.29-a0-1027-gcd8c55af63
  4905 | D:5      | Entered Level 5 of the Dungeon
  4930 | D:5      | Noticed Sigmund
  4938 | D:5      | Killed Sigmund
  4939 | D:5      | Your scales start taking on a lurid green colour.
  4939 | D:5      | Reached XP level 7. HP: 62/62 MP: 10/10
  4939 | D:5      | Gained mutation: Your system is resistant to poisons.
                  | (rPois) [Green Draconian growth]
  5022 | D:5      | Slain by an ice beast

Illustrated notes

Levels and vault maps discovered:
D:1:      dpeg_arrival_rhombi, layout_basic
D:2:      layout_rooms, uniq_terence
D:3:      layout_loops_ring, grunt_temple_overflow_lords_of_destruction,
          mainiacjoe_overflow_cross_hatched, trog_wizard, lemuel_tele_altar,
          corexii_hall_statues_i
D:4:      layout_loops_ring, chequers_serial_rivers_micro_d
D:5:      layout_basic, chequers_serial_rivers_small_a, uniq_sigmund

Skill      XL: |  1  2  3  4  5  6 |
---------------+-------------------+-----
Fighting       | 2 3 4 5 |  5.8
Transmutations | 3 4 5 |  5.6
Dodging        | |  1.7
Unarmed Combat | |  3.9
Spellcasting   | |  2.0

Action                   |  1- 3 |  4- 6 |  7- 9 || total
-------------------------+-------+-------+-------++-------
Melee: Unarmed           |    57 |       |       ||    57
       Kick              |    21 |    50 |       ||    71
       Tailslap          |     6 |    13 |     3 ||    22
       Headbutt          |    14 |    33 |       ||    47
       Short sword       |    31 |   158 |       ||   189
       Punch             |     2 |     3 |     1 ||     6
       Long sword        |       |    10 |    18 ||    28
Throw: Boomerang         |       |     6 |       ||     6
 Cast: Beastly Appendage |    24 |    34 |     1 ||    59
       Wereblood         |       |     4 |       ||     4
Evoke: Wand              |       |     3 |       ||     3
  Use: Scroll            |     1 |    11 |       ||    12
       Potion            |     3 |     2 |       ||     5
 Stab: Sleeping          |       |     2 |       ||     2
Armor: Skin              |    20 |    35 |     4 ||    59
Dodge: Dodged            |    44 |    86 |    10 ||   140
Block: Other             |    22 |    31 |     4 ||    57
       Reflection        |       |     2 |       ||     2

Table legend: (Time is in decaauts)
 A = Elapsed time spent in this place.
 B = Non-inter-level travel time spent in this place.
 C = Inter-level travel time spent in this place.
 D = Time resting spent in this place.
 E = Time spent auto-exploring this place.
 F = Levels seen in this place.
 G = Mean time per level.
                   A        B        C        D        E       F      G
               +--------+--------+--------+--------+--------+-----+--------+
         Total |   5058 |   4936 |    122 |   1824 |   2318 |   5 | 1011.6 |
       Dungeon |   5058 |   4936 |    122 |   1824 |   2318 |   5 | 1011.6 |
               +--------+--------+--------+--------+--------+-----+--------+

Top non-repeatable levels by time:
     D:1: 1443 daAuts
     D:2: 1292 daAuts
     D:3: 1240 daAuts
     D:4: 945 daAuts
     D:5: 137 daAuts
